 Dungeon Crawl Stone Soup version 0.21.1-1-g345015f (webtiles) character file.

722 tidbits the Insei (level 7, 53/53 HPs)
             Began as a Gnoll Transmuter on Feb 7, 2018.
             Quit the game on level 2 of the Dungeon.
             The game lasted 00:12:59 (1342 turns).

tidbits the Insei (Gnoll Transmuter)                Turns: 1342, Time: 00:13:00

Health: 53/53      AC:  2    Str: 11 (13) XL:     7   Next: 71%
Magic:  15/15      EV: 15    Int: 15 (17) God:
Gold:   40         SH:  6    Dex: 15      Spells: 11/17 levels left

rFire    . . .     SeeInvis .   a - +4 short sword (drain)
rCold    . . .     Gourm    .   D - +1 buckler
rNeg     . . .     Faith    .   B - +0 robe
rPois    .         Spirit   .   (no helmet)
rElec    .         Reflect  .   (no cloak)
rCorr    .         Harm     .   (no gloves)
MR       .....                  (no boots)
Stlth    ++........             (no amulet)
HPRegen  0.17/turn              (no ring)
MPRegen  0.14/turn              (no ring)

@: no status effects
A: distributed training, fangs 1, strong nose
a: no special abilities


You were on level 2 of the Dungeon.
You were not hungry.

You visited 2 branches of the dungeon, and saw 7 of its levels.

You collected 89 gold pieces.
You spent 49 gold pieces at shops.

Inventory:

Hand Weapons
 a - a +4 short sword of draining (weapon)
   (You took it off a kobold on level 2 of the Dungeon)
 f - a cursed -3 spear
 g - a +0 dagger
 l - a +0 hunting sling
 v - a +1 flail of protection
   (You took it off an orc on level 3 of the Dungeon)
 w - a +0 whip of venom
   (You took it off an orc on level 3 of the Dungeon)
Missiles
 e - 32 arrows
 h - 20 stones (quivered)
Armour
 B - a +0 robe (worn)
 D - a +1 buckler (worn)
Scrolls
 i - a scroll of enchant armour
 j - a scroll of blinking
 n - 3 scrolls of teleportation
 r - a scroll of fog
 A - a scroll of noise
Potions
 b - a potion of invisibility {unknown}
 k - a potion of lignification
 q - a potion of might
 t - a potion of agility
 z - a potion of ambrosia
Books
 d - a book of Changes

   Spells                             Type                      Level
   a - Beastly Appendage              Transmutation                1
   b - Sticks to Snakes               Transmutation                2
   c - Spider Form                    Transmutation/Poison         3
   d - Ice Form                       Ice/Transmutation            4
   e - Blade Hands                    Transmutation                5
Comestibles
 c - 6 rations


   Skills:
 + Level 3.7 Fighting
 + Level 2.6 Short Blades
 + Level 2.6 Long Blades
 + Level 2.6 Axes
 + Level 2.6 Maces & Flails
 + Level 2.6 Polearms
 + Level 2.6 Staves
 + Level 2.6 Slings
 + Level 2.6 Bows
 + Level 2.6 Crossbows
 + Level 2.6 Throwing
 + Level 2.6 Armour
 + Level 5.3 Dodging
 + Level 2.6 Stealth
 + Level 2.6 Shields
 + Level 7.1 Unarmed Combat
 + Level 5.7 Spellcasting
 + Level 2.1 Conjurations
 + Level 2.1 Hexes
 + Level 2.1 Charms
 + Level 2.1 Summonings
 + Level 2.1 Necromancy
 + Level 2.1 Translocations
 + Level 4.4 Transmutations
 + Level 2.1 Fire Magic
 + Level 2.1 Ice Magic
 + Level 2.1 Air Magic
 + Level 2.1 Earth Magic
 + Level 2.1 Poison Magic
 + Level 2.9 Invocations
 + Level 2.6 Evocations


You had 11 spell levels left.
You knew the following spells:

 Your Spells              Type           Power        Failure   Level  Hunger
e - Beastly Appendage     Tmut           ###...       3%          1    None
k - Sticks to Snakes      Tmut           ###.....     4%          2    #......
p - Spider Form           Tmut/Pois      ##........   14%         3    ###....


Dungeon Overview and Level Annotations

Branches:
Dungeon (6/15)             Temple (1/1) D:5

Altars:
Ashenzari
Elyvilon
Gozag
Kikubaaqudgha
Makhleb
Nemelex Xobeh
Sif Muna
Trog
Vehumet
Wu Jian
Xom
Yredelemnul
Zin
The Shining One

Shops:
D:4 }   D:5 *


Innate Abilities, Weirdness & Mutations

Your experience applies equally to all skills.
You have very sharp teeth.
Your uncanny sense of smell can sniff out nearby items.


Message History

Your ball python barely misses the gnoll.
Unknown command.
Unknown command.
Unknown command.
Unknown command.
Unknown command.
Unknown command.
Unknown command.
Unknown command.
Unknown command.
Unknown command.
Unknown command.
Unknown command.
Unknown command.
Unknown command.
Unknown command.
Unknown command.
Unknown command.
Unknown command.
You hit the gnoll but do no damage.
The gnoll looks even sicker.
The gnoll is severely wounded.
You kill the gnoll!
The gnoll hits you from afar with a spear.
The gnoll misses you.
You barely miss the gnoll. The gnoll completely misses you.
Your ball python closely misses the gnoll. x2
The gnoll completely misses you.
You bite the gnoll!
The gnoll is poisoned.
The gnoll is heavily wounded.
The gnoll hits you from afar with a spear!
Your ball python barely misses the gnoll.
Your ball python grabs the gnoll.
Your ball python constricts the gnoll.
The gnoll completely misses you.
You bite the gnoll!
You kill the gnoll!
Your ball python bites the gnoll but does no damage.
Your ball python constricts the gnoll.
The gnoll misses you.
Your ball python bites the gnoll but does no damage.
Your ball python constricts the gnoll.
The gnoll completely misses you.
You see here a whip.
You hit the gnoll.
The gnoll is heavily wounded.
Your ball python bites the gnoll but does no damage.
Your ball python constricts the gnoll.
The gnoll closely misses you.
You bite the gnoll!
You kill the gnoll!
You feel your dexterity returning.
You see here a spear.
Your transformation is almost over.
Your transformation has ended.
Your +4 short sword of draining unmelds from your body.
Your +1 buckler unmelds from your body.
Your +0 robe unmelds from your body.
You sense an unholy aura.
Your magical contamination has completely faded away.
Okay, then.
Your ball python withers and dies!
There is a stone staircase leading up here.
You climb upwards.
There is a stone staircase leading down here.
Unknown command.
Unknown command.
A worm comes into view.
You hit the worm. You drain the worm!
The worm is severely wounded.
You hit the worm.
You kill the worm!
You see here a worm corpse.
You butcher the worm corpse.
You see here a chunk of flesh.
Eat a chunk of flesh? (ye/n/q)
You eat the chunk of flesh.
This raw flesh tastes terrible.
You open the door.
There is an open door here.
A frilled lizard comes into view.
The frilled lizard hisses angrily.
You hit the frilled lizard.
You kill the frilled lizard!
You see here a frilled lizard corpse.
Found a stone staircase leading up.
There is a stone staircase leading up here.
You climb upwards.
A leopard gecko comes into view.
Found a mace.
There is a stone staircase leading down here.
Found a viscous brown potion.
Found 5 gold pieces.
The leopard gecko hisses angrily.
The leopard gecko bites you.
You see here a viscous brown potion.
You puncture the leopard gecko!
You kill the leopard gecko!
b - a viscous brown potion You see here a mace.
You see here 5 gold pieces.
You now have 40 gold pieces (gained 5).
Found 18 stones.
A rat comes into view.
You see here 18 stones.
h - 20 stones (gained 18) Are you sure you want to abandon this character and quit the game? (Confirm with "yes".)

####.# #.#.#.##...#
#.#.# #.#
#.#).###...# #.#.#
#.# #.#.## #...#
#.#†# #.# #.#.#
#...####.#.# #.#
#.#.# #...........
#.######.#.##
#.#.####.#..
#......#....###.#.#
#.#..
######..#.......#.#
#.#.. ###.@..# #.#
#.#.# #.#.## #.#
#.#.# #.#.######.#
#.#.# #.#....<...#
#.#.. #.##########
#.### #.# #.. ### ∆


There were no monsters in sight!

Vanquished Creatures
  Menkaure (D:5)
  A sky beast (D:5)
  A scorpion (D:4)
  A crimson imp (D:5)
  A bullfrog zombie (D:5)
  A jelly (D:5)
  2 hounds
  An orc priest (D:5)
  An orc wizard (D:3)
  Jessica (D:3)
  A worker ant (D:5)
  5 gnolls (D:4)
  8 adders
  A shadow imp (D:5)
  6 oozes
  2 worms
  2 leopard geckos
  6 orcs
  4 bats
  3 giant cockroaches
  4 goblins
  2 hobgoblins (D:2)
  5 jackals
  2 kobolds
  3 frilled lizards
  5 rats (D:1)
70 creatures vanquished.

Vanquished Creatures (collateral kills)
  A scorpion (D:4)
  A gnoll (D:4)
  A frilled lizard (D:3)
3 creatures vanquished.

Grand Total: 73 creatures vanquished

Notes
Turn   | Place    | Note
-------+----------+-------------------------------------------
     0 | D:1      | tidbits the Gnoll Transmuter began the quest for the Orb.
     0 | D:1      | Reached XP level 1. HP: 17/17 MP: 6/6
     1 | D:1      | Found a runed door.
    19 | D:1      | Reached XP level 2. HP: 21/23 MP: 7/7
    35 | D:1      | Reached XP level 3. HP: 24/28 MP: 7/9
    41 | D:1      | Learned a level 2 spell: Sticks to Snakes
    45 | D:1      | Learned a level 3 spell: Spider Form
    66 | D:2      | Reached skill level 5 in Spellcasting
   124 | D:1      | Reached skill level 1 in Invocations
   198 | D:2      | Found a burning altar of Makhleb.
   205 | D:2      | Reached skill level 1 in Short Blades
   205 | D:2      | Reached skill level 1 in Long Blades
   205 | D:2      | Reached skill level 1 in Axes
   205 | D:2      | Reached skill level 1 in Maces & Flails
   205 | D:2      | Reached skill level 1 in Polearms
   205 | D:2      | Reached skill level 1 in Staves
   205 | D:2      | Reached skill level 1 in Slings
   205 | D:2      | Reached skill level 1 in Bows
   205 | D:2      | Reached skill level 1 in Crossbows
   205 | D:2      | Reached skill level 1 in Throwing
   205 | D:2      | Reached skill level 1 in Armour
   205 | D:2      | Reached skill level 1 in Stealth
   205 | D:2      | Reached skill level 1 in Shields
   205 | D:2      | Reached skill level 1 in Evocations
   205 | D:2      | Reached XP level 4. HP: 25/34 MP: 1/11
   269 | D:3      | Noticed Jessica
   272 | D:3      | Killed Jessica
   272 | D:3      | Reached skill level 1 in Conjurations
   272 | D:3      | Reached skill level 1 in Hexes
   272 | D:3      | Reached skill level 1 in Charms
   272 | D:3      | Reached skill level 1 in Summonings
   272 | D:3      | Reached skill level 1 in Necromancy
   272 | D:3      | Reached skill level 1 in Translocations
   272 | D:3      | Reached skill level 1 in Fire Magic
   272 | D:3      | Reached skill level 1 in Ice Magic
   272 | D:3      | Reached skill level 1 in Air Magic
   272 | D:3      | Reached skill level 1 in Earth Magic
   272 | D:3      | Reached skill level 1 in Poison Magic
   287 | D:3      | Found a shattered altar of Ashenzari.
   433 | D:3      | Reached XP level 5. HP: 40/40 MP: 3/12
   516 | D:4      | Found Kadoraud's Gadget Shoppe.
   538 | D:5      | Entered Level 5 of the Dungeon
   571 | D:4      | Reached skill level 3 in Fighting
   575 | D:4      | Reached skill level 4 in Transmutations
   647 | D:4      | Reached XP level 6. HP: 35/47 MP: 13/13
   674 | D:4      | Reached skill level 2 in Invocations
   705 | D:5      | Reached skill level 5 in Dodging
   717 | D:5      | Reached skill level 2 in Short Blades
   717 | D:5      | Reached skill level 2 in Long Blades
   717 | D:5      | Reached skill level 2 in Axes
   717 | D:5      | Reached skill level 2 in Maces & Flails
   717 | D:5      | Reached skill level 2 in Polearms
   717 | D:5      | Reached skill level 2 in Staves
   717 | D:5      | Reached skill level 2 in Slings
   717 | D:5      | Reached skill level 2 in Bows
   717 | D:5      | Reached skill level 2 in Crossbows
   717 | D:5      | Reached skill level 2 in Throwing
   717 | D:5      | Reached skill level 2 in Armour
   717 | D:5      | Reached skill level 2 in Stealth
   717 | D:5      | Reached skill level 2 in Shields
   717 | D:5      | Reached skill level 2 in Evocations
   724 | D:5      | Found Damul's Assorted Antiques.
   738 | D:5      | Bought a bubbling amethyst potion for 23 gold pieces
   738 | D:5      | Bought a scroll labeled YXKIES ROMUZAC for 26 gold pieces
   740 | D:5      | Found a staircase to the Ecumenical Temple.
   741 | D:5      | Noticed a sky beast
   751 | D:5      | Killed a sky beast
   758 | Temple   | Entered the Ecumenical Temple
   825 | D:5      | Reached XP level 7. HP: 36/52 MP: 11/15
   855 | D:5      | Noticed Menkaure
   862 | D:5      | HP: 5/52 [orc priest/divine providence (15)]
   866 | D:5      | Killed Menkaure
   866 | D:5      | Reached skill level 7 in Unarmed Combat
   867 | D:5      | Reached skill level 2 in Conjurations
   867 | D:5      | Reached skill level 2 in Hexes
   867 | D:5      | Reached skill level 2 in Charms
   867 | D:5      | Reached skill level 2 in Summonings
   867 | D:5      | Reached skill level 2 in Necromancy
   867 | D:5      | Reached skill level 2 in Translocations
   867 | D:5      | Reached skill level 2 in Fire Magic
   867 | D:5      | Reached skill level 2 in Ice Magic
   867 | D:5      | Reached skill level 2 in Air Magic
   867 | D:5      | Reached skill level 2 in Earth Magic
   867 | D:5      | Reached skill level 2 in Poison Magic
  1342 | D:2      | Quit the game

Skill      XL: |  1  2  3  4  5  6  7 |
---------------+----------------------+-----
Spellcasting   | 5 |  5.7
Invocations    | 1 2 |  2.9
Short Blades   | 1 2 |  2.6
Long Blades    | 1 2 |  2.6
Axes           | 1 2 |  2.6
Maces & Flails | 1 2 |  2.6
Polearms       | 1 2 |  2.6
Staves         | 1 2 |  2.6
Slings         | 1 2 |  2.6
Bows           | 1 2 |  2.6
Crossbows      | 1 2 |  2.6
Throwing       | 1 2 |  2.6
Armour         | 1 2 |  2.6
Stealth        | 1 2 |  2.6
Shields        | 1 2 |  2.6
Evocations     | 1 2 |  2.6
Conjurations   | 1 2 |  2.1
Hexes          | 1 2 |  2.1
Charms         | 1 2 |  2.1
Summonings     | 1 2 |  2.1
Necromancy     | 1 2 |  2.1
Translocations | 1 2 |  2.1
Fire Magic     | 1 2 |  2.1
Ice Magic      | 1 2 |  2.1
Air Magic      | 1 2 |  2.1
Earth Magic    | 1 2 |  2.1
Poison Magic   | 1 2 |  2.1
Fighting       | 3 |  3.7
Transmutations | 4 |  4.4
Dodging        | 5 |  5.3
Unarmed Combat | 7 |  7.1

Action                   |  1- 3 |  4- 6 |  7- 9 || total
-------------------------+-------+-------+-------++-------
Melee: Unarmed           |    44 |    43 |    46 ||   133
       Kick              |     9 |       |       ||     9
       Bite              |     3 |       |       ||     3
       Short sword       |     5 |    26 |     5 ||    36
       Headbutt          |       |     1 |       ||     1
 Cast: Beastly Appendage |     5 |     2 |       ||     7
       Spider Form       |     3 |     7 |     7 ||    17
       Sticks to Snakes  |       |     7 |     3 ||    10
  Use: Scroll            |       |     7 |     3 ||    10
       Potion            |       |       |     8 ||     8
 Stab: Sleeping          |       |     3 |     3 ||     6
       Distracted        |       |     1 |       ||     1
  Eat: Chunk             |       |     1 |     2 ||     3
Armor: Robe              |     5 |     4 |       ||     9
       Skin              |       |       |     2 ||     2
Dodge: Dodged            |    27 |    33 |    41 ||   101
Block: Buckler           |       |     4 |       ||     4

Table legend:
 A = Turns spent in this place as a percentage of turns spent in the entire game.
 B = Non-inter-level travel turns spent in this place as a percentage of non-inter-level travel turns spent in the entire game.
 C = Inter-level travel turns spent in this place as a percentage of turns spent in this place.
 D = Turns resting spent in this place as a percentage of non-inter-level travel turns spent in this place.
 E = Turns spent auto-exploring this place as a percentage of non-inter-level travel turns spent in this place.
 F = Non-inter-level travel turns spent in this place divided by the number of levels of this place that you've seen.
                   A       B       C       D       E      F
               +-------+-------+-------+-------+-------+----------------------
         Total | 100.0 | 100.0 |   1.9 |   0.0 |   0.0 | 188.0
       Dungeon |  95.7 |  95.6 |   2.0 |   0.0 |   0.0 | 209.7
        Temple |   4.3 |   4.4 |   0.0 |   0.0 |   0.0 |  58.0
               +-------+-------+-------+-------+-------+----------------------

Table legend:
 A = Kills in this place as a percentage of kills in entire the game.
 B = Kills by you in this place as a percentage of kills by you in the entire game.
 C = Kills by friends in this place as a percentage of kills by friends in the entire game.
 D = Other kills in this place as a percentage of other kills in the entire game.
 E = Experience gained in this place as a percentage of experience gained in the entire game.
 F = Experience gained in this place divided by the number of levels of this place that you have seen.
                   A       B       C       D       E      F
               +-------+-------+-------+-------+-------+----------------------
         Total | 100.0 | 100.0 | 100.0 |   N/A | 100.0 | 147.4
       Dungeon | 100.0 | 100.0 | 100.0 |   N/A | 100.0 | 172.0
               +-------+-------+-------+-------+-------+----------------------

Vault maps used:
D:1:      dpeg_arrival_caged_fury, minmay_split_cup_small
D:2:      makhleb_heckhound_becter, kennysheep_slug_shrine
D:3:      overflow_temple_1_default, dancing_weapons_uskayaw,
          fedhas_altar_fruit_tree, okawaru_metal_pillars_1_2, uniq_jessica
D:4:      serial_shops, shop, first_ration, roderic_batcave,
          minmay_misc_feat_tower
D:5:      minmay_temple_entry_glass, serial_shops, shop_fountains, uniq_pikel,
          uniq_menkaure
D:6:      nicolae_ru_path_of_blood, nrook_mini_backslash
Temple:   nicolae_temple_hex_pool
